Map: [ESL] Hecate

Players

SpeCial - Winner!

  • Race: Terran Terran
  • Spawn Location: 1:00

Kelazhur

  • Race: Terran Terran
  • Spawn Location: 7:00

Event: ESL SC2 Masters 2023 Winter (Regional)

VOD

Have the link to the VOD?

Description

Time

  • Played on: Nov. 1, 2023, 4:15 p.m.
  • Length: 17:27

All games in this series

Show
View Real Time Build Order
Export as new Build Order

SpeCial Terran - Winner!

Build Orders: Cyclone Opening, Mech 

Get SALT Encoding   

  12  0:00  SCV  
  13  0:12  SCV  
  14  0:17  Supply Depot  
  14  0:24  SCV  
  15  0:39  SCV  
  15  0:40  Barracks  
  16  0:43  Refinery  
  16  0:51  SCV  
  16  0:52  Refinery  
  17  1:03  SCV  
  18  1:15  SCV  
  19  1:27  Orbital Command, Reaper  
  19  1:30  Supply Depot  
  20  1:42  Factory  
  20  1:53  SCV  
  21  1:59  Reaper  
  22  2:05  SCV  
  23  2:18  SCV  
  23  2:20  Command Center  
  24  2:29  Cyclone  
  26  2:30  SCV  
  26  2:34  Barracks Reactor  
  27  2:42  SCV, Starport  
  28  2:48  Supply Depot  
  28  2:54  SCV  
  29  3:01  Cyclone  
  30  3:13  SCV  
  30  3:18  Marine x2  
  32  3:20  Starport Tech Lab  
  32  3:25  SCV  
  33  3:32  Orbital Command  
  33  3:39  Banshee  
  36  3:41  SCV  
  36  3:44  Cyclone  
  36  3:45  Cyclone  
  41  3:49  Marine  
  41  3:54  SCV  
  43  3:59  SCV  
  43  4:00  Supply Depot  
  44  4:06  SCV  
  45  4:11  SCV  
  45  4:17  Cyclone x2  
  48  4:18  SCV  
  48  4:23  SCV  
  48  4:25  Raven  
  48  4:30  SCV  
  48  4:36  SCV  
  49  4:41  Command Center  
  49  4:42  SCV  
  49  4:44  Refinery  
  49  4:45  Factory  
  49  4:49  SCV  
  50  4:54  SCV  
  50  4:55  Cyclone  
  53  5:01  SCV  
  53  5:03  Supply Depot  
  53  5:06  Cyclone, SCV  
  57  5:13  SCV  
  55  5:15  Refinery  
  55  5:17  Starport Reactor  
  55  5:18  SCV  
  55  5:21  Supply Depot  
  56  5:25  SCV  
  56  5:27  Widow Mine  
  59  5:30  SCV  
  60  5:37  SCV  
  60  5:39  Widow Mine  
  60  5:40  Hurricane Engines  
  63  5:42  SCV  
  63  5:49  SCV  
  65  5:52  Siege Tank  
  65  5:55  Orbital Command, SCV  
  69  5:58  Factory  
  69  6:01  SCV  
  70  6:07  SCV  
  70  6:08  Cyclone x2  
  75  6:13  SCV  
  76  6:19  SCV  
  76  6:23  SCV  
  76  6:24  Viking x2  
  82  6:25  SCV  
  82  6:28  Refinery x2  
  82  6:30  Supply Depot x2  
  82  6:31  SCV  
  84  6:35  Siege Tank, SCV  
  84  6:36  Engineering Bay  
  84  6:37  SCV  
  89  6:43  SCV  
  90  6:47  SCV  
  90  6:50  SCV  
  90  6:52  Factory Tech Lab, Cyclone x2  
  96  6:55  SCV  
  96  6:59  Viking, SCV  
  100  7:02  SCV  
  100  7:03  Viking  
  100  7:07  SCV  
  104  7:11  SCV  
  104  7:14  SCV  
  104  7:15  Armory  
  106  7:19  SCV  
  107  7:23  SCV  
  107  7:25  Command Center  
  107  7:26  SCV  
  109  7:32  Supply Depot  
  109  7:42  Viking x2, Siege Tank, SCV  
  117  7:50  Factory  
  117  7:53  Factory  
  117  7:54  Siege Tank, SCV x2  
  122  7:59  Hellion  
  122  8:00  Infernal Pre-Igniter  
  124  8:06  SCV  
  125  8:28  Terran Vehicle Weapons Level 1  
  125  8:29  Supply Depot  
  125  8:30  Supply Depot  
  125  8:36  Siege Tank x2, Liberator, Cyclone, SCV  
  125  8:37  Hellion  
  125  8:39  SCV  
  140  8:44  SCV  
  140  8:45  Factory Tech Lab, Factory Reactor  
  140  8:47  Liberator  
  140  8:50  Sensor Tower  
  138  8:58  Cyclone  
  138  9:02  Planetary Fortress  
  122  9:03  SCV x2  
  122  9:04  SCV  
  122  9:05  Refinery  
  122  9:06  Refinery  
  122  9:07  Siege Tank  
  122  9:08  Cyclone  
  126  9:17  SCV x3  
  126  9:23  Viking  
  129  9:24  Missile Turret  
  129  9:28  Hellion x2  
  129  9:30  Viking, Siege Tank x2  
  141  9:34  SCV  
  141  9:35  SCV  
  141  9:39  Siege Tank  
  141  9:40  Armory  
  141  9:41  Missile Turret  
  141  9:42  Sensor Tower, SCV x2  
  143  9:49  Hellion x2  
  146  9:57  SCV  
  146  9:58  SCV  
  148  10:02  Siege Tank x2  
  154  10:07  SCV  
  154  10:14  Hellion x2  
  152  10:15  SCV  
  152  10:16  Cyclone  
  152  10:18  SCV x2  
  152  10:20  SCV  
  125  10:21  Siege Tank  
  125  10:27  SCV  
  123  10:30  Cyclone, SCV x2  
  123  10:32  SCV  
  123  10:34  Siege Tank, Cyclone  
  121  10:41  Cyclone x2  
  119  10:43  SCV x3  
  119  10:48  Cyclone  
  119  10:49  Factory  
  124  10:51  SCV  
  124  10:53  Siege Tank  
  124  10:55  SCV  
  129  11:02  Cyclone  
  131  11:06  Factory  
  131  11:07  Factory  
  131  11:08  Missile Turret  
  129  11:12  Missile Turret  
  129  11:13  Cyclone x2, Missile Turret, SCV x2  
  129  11:16  Command Center  
  135  11:18  Missile Turret  
  135  11:20  Cyclone  
  135  11:21  Siege Tank  
  136  11:28  Siege Tank  
  136  11:30  Siege Tank  
  142  11:34  Cyclone  
  142  11:35  Factory Tech Lab  
  142  11:36  Missile Turret  
  144  11:45  Hellion x2  
  148  11:47  Sensor Tower  
  148  11:51  Liberator x2  
  154  11:54  Hellion  
  154  11:55  Missile Turret  
  154  11:57  Terran Vehicle Weapons Level 2  
  154  11:58  Terran Vehicle And Ship Armor Level 1  
  156  12:02  Command Center  
  156  12:04  Factory Tech Lab, Factory Reactor  
  155  12:32  Siege Tank  
  155  12:33  Hellion  
  156  12:38  Supply Depot  
  156  12:45  Supply Depot  
  156  12:46  Hellion  
  156  12:51  Cyclone  
  156  12:52  Cyclone  
  156  12:53  Hellion  
  156  12:54  Cyclone  
  156  12:55  Siege Tank, Cyclone  
  156  12:58  Cyclone x2, SCV x2  
  142  13:02  Cyclone  
  142  13:04  Cyclone  
  131  13:07  Cyclone  
  131  13:10  SCV x2  
  131  13:11  Viking x2  
  137  13:14  Cyclone  
  139  13:24  Cyclone, SCV  
  139  13:25  Hellion  
  139  13:26  Cyclone  
  139  13:27  Cyclone x2  
  148  13:28  SCV x2  
  148  13:30  Cyclone x2  
  153  13:41  Viking x2  
  153  13:46  Siege Tank x3  
  166  13:52  SCV x2  
  166  13:53  SCV  
  169  13:55  Terran Vehicle And Ship Armor Level 2  
  169  14:00  Cyclone x3  
  175  14:05  Siege Tank x2  
  178  14:15  Starport  
  178  14:17  Viking, Starport  
  178  14:18  Siege Tank  
  183  14:30  SCV  
  170  14:39  Cyclone x3  
  170  14:40  Cyclone x2  
  170  14:42  Siege Tank, Cyclone  
  185  14:50  Supply Depot  
  185  14:52  Supply Depot  
  185  14:55  Starport Reactor x2  
  185  14:57  Viking  
  187  15:04  Missile Turret  
  187  15:12  Viking, Siege Tank  
  189  15:20  Siege Tank x2  
  180  15:23  SCV  
  180  15:26  SCV  
  180  15:27  SCV  
  161  15:30  SCV  
  161  15:33  Viking x2  
  156  15:35  SCV  
  156  15:38  Viking, SCV  
  156  15:39  SCV  
  156  15:42  SCV  
  157  15:45  Refinery x2  
  157  15:48  Planetary Fortress, SCV  
  158  15:50  SCV  
  158  15:51  SCV  
  158  15:53  Viking x2  
  158  15:54  SCV  
  165  16:00  SCV  
  165  16:01  Viking  
  165  16:02  SCV  
  165  16:03  Viking  
  166  16:07  Viking  
  166  16:08  Viking  
  160  16:15  SCV x4  
  164  16:23  Viking  
  164  16:26  Viking  
  164  16:31  Viking  
  166  16:37  Cyclone x4  
  168  16:40  Cyclone  
  152  16:59  SCV x3  
  159  17:04  SCV  
  156  17:11  Command Center  
Show
View Real Time Build Order
Export as new Build Order

Kelazhur Terran 

Build Orders: Cyclone Opening, Gas First Reaper Expand 

Get SALT Encoding   

  12  0:00  SCV  
  13  0:12  SCV  
  14  0:16  Supply Depot  
  14  0:24  SCV  
  14  0:27  Refinery  
  15  0:38  SCV  
  16  0:43  Barracks  
  16  0:50  SCV  
  17  1:02  SCV  
  18  1:14  SCV  
  19  1:30  Orbital Command, Reaper  
  20  1:44  Command Center  
  20  1:55  Factory  
  20  1:57  SCV  
  21  2:05  Barracks Reactor  
  21  2:09  SCV  
  21  2:12  Supply Depot  
  22  2:22  SCV  
  23  2:23  Refinery  
  23  2:34  SCV  
  24  2:45  Cyclone x2  
  24  2:46  SCV  
  29  2:53  Marine  
  29  2:56  Orbital Command  
  29  2:58  SCV  
  31  3:10  SCV  
  31  3:12  Orbital Command  
  31  3:17  Cyclone x2  
  34  3:22  SCV  
  35  3:27  Starport  
  35  3:33  Barracks Tech Lab  
  35  3:34  SCV  
  35  3:40  SCV  
  37  3:46  SCV  
  38  3:52  SCV  
  38  3:54  Supply Depot  
  38  3:55  Refinery  
  39  3:58  SCV  
  39  3:59  Siege Tank  
  39  4:02  Marine x2  
  45  4:04  SCV  
  45  4:05  Starport Tech Lab  
  46  4:10  Supply Depot  
  46  4:15  SCV  
  46  4:16  SCV  
  48  4:20  Marine x2  
  43  4:27  Raven  
  43  4:28  SCV x2  
  44  4:31  Cyclone  
  44  4:37  Marine  
  44  4:38  Marine  
  48  4:40  SCV x2  
  48  4:45  Engineering Bay  
  50  4:49  Command Center  
  50  4:52  SCV  
  51  4:53  SCV  
  51  4:55  Marine x2  
  53  5:04  SCV  
  50  5:07  Raven  
  50  5:08  Siege Tank  
  50  5:12  SCV  
  50  5:13  Marine x2  
  58  5:17  Interference Matrix  
  58  5:18  SCV  
  58  5:20  Supply Depot  
  59  5:24  SCV  
  60  5:29  Supply Depot  
  60  5:30  SCV  
  60  5:31  Marine  
  62  5:41  Siege Tank, SCV, Marine  
  67  5:44  Supply Depot  
  67  5:47  Raven  
  67  5:48  SCV  
  67  5:49  Marine  
  70  5:53  SCV  
  70  5:55  Barracks  
  70  5:56  Barracks  
  71  6:00  SCV  
  71  6:03  Orbital Command  
  72  6:04  Marine  
  72  6:06  SCV  
  72  6:07  Marine  
  72  6:08  Refinery  
  75  6:12  SCV  
  75  6:18  SCV  
  74  6:19  Siege Tank  
  74  6:24  SCV  
  78  6:28  SCV  
  78  6:30  Marine x2, SCV  
  82  6:33  Starport Reactor  
  82  6:34  Terran Infantry Weapons Level 1  
  82  6:36  SCV  
  82  6:37  Supply Depot  
  83  6:41  SCV  
  83  6:43  SCV  
  83  6:45  Barracks Tech Lab  
  83  6:48  Barracks x2, SCV  
  83  6:53  Marine x2  
  87  6:54  Siege Tank  
  87  6:55  SCV  
  87  7:00  Orbital Command, SCV  
  91  7:02  Stimpack, Marauder  
  91  7:08  Combat Shield, Marauder, SCV  
  96  7:11  Supply Depot  
  96  7:12  SCV, Marine x2  
  99  7:18  Viking  
  99  7:20  Viking, SCV  
  104  7:24  Supply Depot  
  104  7:25  SCV  
  104  7:28  SCV, Marauder  
  108  7:30  Refinery  
  108  7:32  SCV  
  108  7:34  Supply Depot  
  108  7:35  Barracks Reactor, Barracks Tech Lab  
  110  7:37  SCV  
  110  7:38  Marine x2  
  110  7:39  Marauder  
  110  7:40  SCV  
  115  7:44  SCV  
  115  7:45  Supply Depot  
  115  7:49  Marauder, SCV  
  115  7:50  Supply Depot  
  119  7:54  Viking  
  119  7:57  Concussive Shells, Marauder, Marine x2  
  125  8:00  Supply Depot  
  125  8:02  Marauder  
  125  8:04  Viking  
  129  8:11  Marauder  
  131  8:14  Marine  
  131  8:15  Marine  
  131  8:19  Marauder  
  131  8:24  Viking, Marine, Marauder  
  131  8:25  Marine  
  131  8:26  SCV x2  
  131  8:27  SCV  
  131  8:32  Marine x2, Marauder  
  135  8:34  Viking  
  135  8:38  SCV x2  
  135  8:39  SCV  
  135  8:40  Marauder  
  141  8:43  Siege Tank  
  141  8:45  Marauder  
  139  8:50  Marine x2, SCV x2  
  139  8:51  SCV  
  139  8:52  Marine  
  139  8:53  Marauder  
  142  9:01  Marauder  
  142  9:02  SCV, Marine  
  137  9:04  SCV  
  137  9:05  Viking  
  137  9:06  Marauder  
  137  9:08  Marine  
  143  9:13  Refinery  
  143  9:15  Marauder  
  143  9:16  Viking  
  147  9:18  Siege Tank  
  147  9:23  Terran Infantry Armor Level 1, Marauder  
  150  9:27  Marine  
  150  9:28  Marauder  
  153  9:34  SCV x2  
  153  9:36  Marauder  
  154  9:39  SCV, Marine x2  
  154  9:44  Marauder  
  156  9:46  SCV  
  157  10:05  Marine  
  157  10:06  SCV  
  157  10:07  Marine  
  157  10:09  Marine x2, SCV x2  
  157  10:10  Marauder  
  157  10:13  Marauder  
  157  10:14  Marauder  
  157  10:15  Viking  
  157  10:17  Siege Tank  
  157  10:18  SCV  
  157  10:21  SCV x2  
  147  10:22  Marine  
  147  10:25  Marine  
  147  10:27  Marine x2  
  136  10:31  Marauder  
  136  10:34  Marauder  
  128  10:36  Marauder  
  128  10:40  Marine  
  128  10:43  Marine  
  128  10:45  Marine x2  
  128  10:49  Command Center  
  131  10:53  Marauder  
  131  10:55  Medivac x2  
  131  10:56  Marauder  
  138  10:57  Marauder  
  138  10:58  Marine  
  138  11:01  Marine  
  142  11:11  Siege Tank  
  142  11:14  Marauder  
  142  11:16  SCV  
  142  11:17  Marauder  
  149  11:18  Marauder  
  149  11:22  Marine x2  
  147  11:27  Marine x2  
  147  11:29  Liberator  
  152  11:33  Liberator  
  152  11:36  Marauder  
  152  11:39  Armory  
  157  11:48  Supply Depot  
  157  11:58  Marine, Starport  
  157  12:00  Marine  
  157  12:01  Marauder x3  
  164  12:04  Fusion Core  
  164  12:05  Starport  
  164  12:10  SCV x3  
  164  12:12  Marine  
  168  12:15  Viking, Marine  
  168  12:22  Marauder x3  
  177  12:27  Command Center  
  176  12:37  Starport Reactor  
  176  12:40  Supply Depot x2  
  174  12:55  Marine  
  174  12:56  Marine, Marauder x3  
  174  12:58  Siege Tank, Marine  
  151  13:04  SCV  
  134  13:08  SCV  
  134  13:11  Viking x2  
  134  13:12  Liberator x2, Marine  
  142  13:17  Liberator, Marauder  
  148  13:20  Liberator  
  146  13:41  Viking, Advanced Ballistics  
  146  13:53  Liberator  
  150  14:02  SCV  
  150  14:03  SCV x2  
  150  14:09  Liberator x2  
  156  14:13  Orbital Command  
  156  14:15  Siege Tank, SCV x2  
  161  14:22  Liberator  
  153  14:33  Marauder, Marine  
  153  14:34  Liberator  
  153  14:37  Marine  
  148  14:51  Marine  
  148  14:52  Marine  
  150  14:53  Marine, Refinery  
  150  14:54  Refinery  
  150  14:55  Siege Tank  
  154  15:05  Marauder  
  155  15:14  Orbital Command  
  155  15:19  Marauder  
  155  15:21  Marine  
  151  15:28  Marauder x2, Marine x2  
  134  15:29  Liberator  
  117  15:39  Marine  
  117  15:41  Marauder  
  120  15:46  Marine  
  120  15:49  Marauder  
  123  15:53  Marauder  
  125  16:06  Viking x2  
  125  16:12  SCV x4  
  129  16:21  Command Center  
  129  16:24  SCV x4  
  139  16:25  Viking x3  
  133  16:31  Marine x6  
  141  16:35  Refinery  
  141  16:36  SCV, Refinery  
  137  16:43  Viking  
  124  16:49  Marine x2  
  124  16:50  Marauder x3  
  124  16:53  Marine  
  126  16:54  Viking  
  120  17:07  Marine x2  
Tags
 
Add a new tag
Caveats
  • Supply blocks, unpowered buildings, or Contaminate may cause inaccurate times.
  • Supply counts are checked every 10 seconds.